 Dungeon Crawl Stone Soup version 0.31.0-32-g396128a36d (webtiles) character file.

Game seed: 11078172836366986083

1369 Alphaeus the Ruffian (level 8, -1/78 HPs)
             Began as a Troll Shapeshifter on Mar 19, 2024.
             Was a Follower of Dithmenos.
             Slain by a gnoll
             ... wielding a +0 whip
             ... led by a gnoll sergeant
              (6 damage)
             ... on level 5 of the Dungeon.
             The game lasted 00:04:44 (3777 turns).

Alphaeus the Ruffian (Troll Shapeshifter)           Turns: 3777, Time: 00:04:45

Health: -1/78      AC:  4    Str: 25    XL:     8   Next: 38%
Magic:  7/7        EV: 14    Int:  6    God:    Dithmenos [*.....]
Gold:   300        SH:  0    Dex:  9    Spells: 7/7 levels left

rFire   . .          .
                       - Unarmed
rCold   . . .        (no shield)
rNeg    . . .        a - +0 animal skin
rPois   .            (helmet currently unavailable)
rElec   .            (cloak currently unavailable)
rCorr   .            (gloves unavailable)
SInv    +            (boots unavailable)
Will    .....        (no amulet)
Stlth   +            z - +5 ring of evasion
HPRegen 1.13/turn    p - ring of see invisible
MPRegen 0.10/turn

%: no passive effects
@: beast-form, wreathed by umbra, invisible
A: beast (slay +3), large, unfitting armour, claws 3, regeneration 1, shaggy fur
1, tough skin 1
a: Begin Untransformation, Renounce Religion


You were on level 5 of the Dungeon.
You worshipped Dithmenos.
Dithmenos was aware of your devotion.
You were a hulking beast.
You visited 1 branch of the dungeon, and saw 6 of its levels.

You collected 300 gold pieces.

Inventory:

Missiles
 f - 5 boomerangs (quivered)
 g - 8 javelins
Armour
 a - a +0 animal skin (worn)
Jewellery
 m - a ring of protection from fire
 p - a ring of see invisible (right claw)
 x - a ring of protection from fire
 z - a +5 ring of evasion (left claw)
 C - a ring of resist corrosion
 G - a ring of fire
Talismans
 c - a beast talisman
 d - a flux talisman
 h - a serpent talisman
Wands
 y - a wand of iceblast (7)
Scrolls
 e - 2 scrolls of teleportation {unknown}
 k - 2 scrolls of identify
 l - a scroll of immolation {unknown}
 n - 2 scrolls of brand weapon {unknown}
 o - 2 scrolls of fog {unknown}
 s - a scroll of acquirement {unknown}
 u - a scroll of revelation {unknown}
 A - a scroll of fear {unknown}
 D - a scroll of silence {unknown}
 E - 3 scrolls of enchant armour {unknown}
Potions
 b - 4 potions of lignification
 i - a potion of invisibility
 j - 2 potions of enlightenment {unknown}
 q - a potion of magic {unknown}
 r - 2 potions of attraction {unknown}
 t - 3 potions of degeneration {unknown}
 v - 2 potions of cancellation {unknown}
 w - 3 potions of curing {unknown}
 B - a potion of mutation {unknown}
 F - 2 potions of heal wounds {unknown}
 H - a potion of haste {unknown}


   Skills:
 + Level 3.7 Fighting
 - Level 1.5 Dodging
 * Level 7.2 Unarmed Combat
 * Level 6.7 Shapeshifting


You had 7 spell levels left.
You didn't know any spells.
Your spell library contained the following spells:

 Spells                   Type           Power      Damage    Failure   Level
 Lesser Beckoning         Tloc           0%         N/A       58%         2
 Dazzling Flash           Conj/Hex       0%         N/A       83%         3
 Gell's Gravitas          Tloc           0%         N/A       83%         3
 Inner Flame              Hex/Fire       0%         N/A       83%         3
 Mephitic Cloud           Conj/Alch/Air  0%         N/A       83%         3
 Teleport Other           Tloc           0%         N/A       83%         3
 Flame Wave               Conj/Fire      0%         2d4       99%         4
 Olgreb's Toxic Radiance  Alch           0%         N/A       99%         4
 Sticky Flame             Fire/Alch      0%         2d4       99%         4
 Curse of Agony           Necr           0%         N/A       100%        5
 Irradiate                Conj/Alch      0%         3d11      100%        5
 Silence                  Hex/Air        0%         N/A       100%        5
 Ozocubu's Refrigeration  Ice            0%         4d7       100%        7
 Discord                  Hex            0%         N/A       100%        8
 Ignition                 Fire           0%         3d3       100%        8


Dungeon Overview and Level Annotations

Branches:
Dungeon (6/15)
 Temple: D:4-7

Altars:
Ashenzari
Cheibriados
Dithmenos
Fedhas
Hepliaklqana
Ru

Shops:
D:1 (   D:5 =(

Annotations:
D:5 Dowan


Innate Abilities, Weirdness & Mutations

You are a hulking beast.
Your limbs bulge with bestial killing power. (Slay +3)
You are too large for most types of armour.
You have claws for hands.
Your natural rate of healing is unusually fast.
You are covered in fur. (AC +1)
You have tough skin. (AC +1)


Message History

The gnoll sergeant hits you with a +1 spear of pain!
The ice beast misses you. Dowan closely misses you.
You are too injured to fight recklessly!
You are too injured to fight recklessly!
You are too injured to fight recklessly!
You are too injured to fight recklessly!
You are too injured to fight recklessly!
You are too injured to fight recklessly!
You are too injured to fight recklessly!
You are too injured to fight recklessly!
You are too injured to fight recklessly!
You are too injured to fight recklessly!
The gnoll sergeant hits you from afar with a +1 spear of pain!
The ice beast attacks as it pursues you!
The ice beast closely misses you.
There is a stone staircase leading up here.
Dowan hits you with a +0 dagger of venom.
The gnoll barely misses you.
The gnoll sergeant hits you from afar with a +1 spear of pain!
* * * LOW HITPOINT WARNING * * *
You writhe in agony.
* * * LOW HITPOINT WARNING * * *
The ice beast hits you.
* * * LOW HITPOINT WARNING * * *
The ice beast freezes you!
* * * LOW HITPOINT WARNING * * *
You climb upwards.
There is a stone staircase leading down here.
Okay, then.
Okay, then.
As you read the scroll labelled VIXOURACOC, it crumbles to dust.
It is a scroll of identify.
i - 2 potions of invisibility Dowan says, "How can I live without her?"
Dowan closely misses you. x2; The gnoll hits you with a +0 whip.
* * * LOW HITPOINT WARNING * * *
The ice beast barely misses you.
You fade into invisibility!
Dowan misses you. The gnoll hits you with a +0 whip.
You die...

...........#+#.)..<..## ♣♣...♣
..........⌠#+#⌠.......#♣♣♣♣♣.....
.........###'###....#......##....
..##.#)..'''∩')'..........###...#
.#####...###'###..##............#
..#####...⌠#+#⌠....#...........##
.###.#.....#+#.........##.##..##
..##.............Y.#..........#
.........#......h.)....#####.##
.........#....#.eg......# #..##
..##....##....#.........###.†.#
.###.>....................#...#
.##......#....................#
.###....##................##..##
..##.....................###...#
<###............#.....##.....###
......#.........#.....##....##


You could see an ice beast (unable to see you), Dowan (fast, unable to see you)
and a gnoll (unable to see you).

Vanquished Creatures
  Prince Ribbit (D:5)
  Duvessa (D:6)
  A black bear (D:5)
  An ogre (D:5)
  A scorpion (D:5)
  3 wights (D:6)
  2 howler monkeys (D:6)
  An orc priest (D:4)
  Crazy Yiuf (D:5)
  5 hounds
  A jelly (D:4)
  6 iguanas
  An orc wizard (D:4)
  4 gnolls
  6 adders
  A dart slug (D:3)
  16 orcs
  7 ball pythons
  7 endoplasms
  4 giant cockroaches
  4 hobgoblins
  10 kobolds
  A quokka (D:4)
  2 bats (D:1)
  4 frilled lizards
  8 goblins
  4 rats
103 creatures vanquished.

Notes
Turn   | Place    | Note
-------+----------+-------------------------------------------
     0 | D:1      | Alphaeus the Troll Shapeshifter began the quest for the
                  | Orb.
     0 | D:1      | Reached XP level 1. HP: 18/18 MP: 0/0
    97 | D:1      | Found Lyin Rony's Weapon Boutique.
   191 | D:1      | Reached skill level 1 in Fighting
   284 | D:1      | Reached XP level 2. HP: 27/27 MP: 1/1
   817 | D:2      | Found a broken altar of Ashenzari.
  1433 | D:3      | Reached XP level 3. HP: 28/33 MP: 2/2
  1655 | D:3      | Reached XP level 4. HP: 41/41 MP: 3/3
  1774 | D:3      | Reached skill level 4 in Unarmed Combat
  2272 | D:4      | Reached XP level 5. HP: 49/49 MP: 4/4
  2365 | D:4      | Found a shadowy altar of Dithmenos.
  2365 | D:4      | Found a broken altar of Ashenzari.
  2388 | D:4      | Became a worshipper of Dithmenos the Shadowed
  2522 | D:4      | Reached XP level 6. HP: 20/57 MP: 5/5
  2598 | D:4      | Reached skill level 5 in Unarmed Combat
  3006 | D:5      | Entered Level 5 of the Dungeon
  3035 | D:5      | Reached skill level 5 in Shapeshifting
  3080 | D:5      | Found Ikhlecwenar's Jewellery Boutique.
  3115 | D:5      | Found a snail-covered altar of Cheibriados.
  3115 | D:5      | Found a hazy altar of Hepliaklqana.
  3153 | D:5      | Noticed Prince Ribbit
  3166 | D:5      | Killed Prince Ribbit
  3167 | D:5      | Reached XP level 7. HP: 33/66 MP: 6/6
  3225 | D:5      | Reached skill level 6 in Unarmed Combat
  3346 | D:5      | Found a blossoming altar of Fedhas.
  3351 | D:5      | Reached * piety under Dithmenos
  3407 | D:5      | Found Hepies's Antique Weapon Boutique.
  3493 | D:5      | Found a runed translucent door.
  3493 | D:5      | Noticed Crazy Yiuf
  3501 | D:5      | Killed Crazy Yiuf
  3510 | D:5      | Identified the +9 hammer of Ipse Dixit {holy, *Corrode
                  | Int+6}
  3663 | D:6      | Reached XP level 8. HP: 75/75 MP: 7/7
  3728 | D:6      | Found a sacrificial altar of Ru.
  3755 | D:6      | Reached skill level 7 in Unarmed Combat
  3762 | D:6      | Noticed Duvessa
  3765 | D:6      | Noticed Dowan
  3771 | D:6      | Killed Duvessa
  3777 | D:5      | Slain by a gnoll

Illustrated notes

Levels and vault maps discovered:
D:1:      dpeg_arrival_simpleton_b, layout_loops_corners, serial_shops,
          nicolae_shop_just_a_little_nook
D:2:      layout_loops_cross, basic_altar
D:3:      layout_rooms, grunt_decor_mini_mirrors, nicolae_underground_beach
D:4:      layout_basic, gammafunk_temple_overflow_wave, serial_rivers,
          chequers_serial_rivers_large_b, chequers_serial_rivers_micro_b,
          chequers_serial_rivers_micro_a, chequers_serial_rivers_large_a,
          chequers_serial_rivers_micro_e
D:5:      layout_cave_pools, fedhas_altar_fruit_tree, jmf_multi_god_temple,
          serial_shops, nicolae_shop_real_fake_doors,
          minmay_shop_enchanted_jewellery, uniq_crazy_yiuf_cottage,
          uniq_prince_ribbit1
D:6:      layout_rooms, nicolae_ru_the_path_less_chosen, serial_shops, shop,
          uniq_duvessa

Skill      XL: |  1  2  3  4  5  6  7  8 |
---------------+-------------------------+-----
Fighting       | 1 2 3 |  3.7
Unarmed Combat | 4 5 6 7 |  7.2
Shapeshifting  | 4 5 6 |  6.7
Dodging        | |  1.5

Action                     |  1- 3 |  4- 6 |  7- 9 || total
---------------------------+-------+-------+-------++-------
  Melee: Unarmed           |    79 |   133 |    57 ||   269
         Punch             |       |     6 |     3 ||     9
    Use: Scroll            |       |       |     1 ||     1
         Potion            |       |       |     1 ||     1
 Armour: Animal skin       |    49 |    76 |    34 ||   159
  Dodge: Dodged            |    27 |    55 |    41 ||   123
